 Dungeon Crawl Stone Soup version 0.31-a0-128-g25add195a6 (webtiles) character file.

Game seed: 6846803854952053183

1673 sokol815 the Covert (level 9, -1/64 HPs)
             Began as an Octopode Brigand on June 1, 2023.
             Was an Initiate of Gozag.
             Slain by a steam dragon (4 damage)
             ... on level 6 of the Dungeon.
             The game lasted 00:15:02 (5338 turns).

sokol815 the Covert (Octopode Brigand)              Turns: 5338, Time: 00:15:02

Health: -1/64      AC:  1    Str: 11    XL:     9   Next: 1%
Magic:  9/9        EV: 12    Int: 15    God:    Gozag
Gold:   289        SH:  4    Dex: 21    Spells: 8/8 levels left

rFire   . . .        a - +6 shillelagh "Devastator" {shatter}
rCold   . . .        n - +0 buckler
rNeg    . . .        (helmet restricted)
rPois   .            p - amulet of magic regeneration
rElec   .            t - +6 ring of dexterity
rCorr   .            (no ring)
SInv    .            Z - ring of wizardry {Wiz+, !d}
Will    .....        (no ring)
Stlth   ++++++       (no ring)
HPRegen 0.30/turn    (no ring)
MPRegen 0.51/turn    (no ring)
                     (no ring)

%: wizardry (x1)
@: gold aura
A: almost no armour, amphibious, 8 rings, camouflage 1, gelatinous body 1,
(nimble swimmer 1), tentacles
a: Renounce Religion, Potion Petition, Call Merchant, Bribe Branch


You were on level 6 of the Dungeon.
You worshipped Gozag.
Gozag was aware of your devotion.
You visited 2 branches of the dungeon, and saw 7 of its levels.

You collected 428 gold pieces.
You spent 46 gold pieces at shops.
You paid 93 gold pieces to Gozag.

Inventory:

Hand Weapons
 a - the +6 shillelagh "Devastator" (weapon) {shatter}
   (You found it on level 4 of the Dungeon)
 b - a +3 demon whip of electrocution
   (You found it on level 5 of the Dungeon)
 h - a +0 rapier of flaming
   (You found it on level 4 of the Dungeon)
 o - a +2 dagger of draining
   (You took it off an orc wizard on level 5 of the Dungeon)
 r - a +2 flail of venom
   (You found it on level 3 of the Dungeon)
 x - a +2 dagger of venom
   (You took it off an orc wizard on level 5 of the Dungeon)
Missiles
 c - 3 curare-tipped darts
 e - 8 boomerangs
 j - 14 poisoned darts
 k - a throwing net {!d}
 s - 73 stones
Armour
 n - a +0 buckler (worn)
   (You took it off a gnoll sergeant on level 6 of the Dungeon)
Jewellery
 d - the ring "Vaoqip" {rPois rF- rCorr Int+4 Dex+4}
   (You acquired it on level 4 of the Dungeon)

   [ring of resist corrosion]

   Int:       It affects your intelligence (+4).
   Dex:       It affects your dexterity (+4).
   rF:        It makes you vulnerable to fire.
   rPois:     It protects you from poison.
   rCorr:     It protects you from acid and corrosion.
 p - an amulet of magic regeneration (around mantle)
   (You found it on level 3 of the Dungeon)
 t - a +6 ring of dexterity (left tentacle)
   (You found it on level 3 of the Dungeon)
 Z - a ring of wizardry (on tentacle) {Wiz+, !d}
   (You found it on level 6 of the Dungeon)
Wands
 m - a wand of roots (4)
   (You took it off a gnoll on level 4 of the Dungeon)
 q - a wand of flame (50)
   (You found it on level 5 of the Dungeon)
Scrolls
 O - a scroll of silence
Potions
 f - 2 potions of cancellation
 g - 2 potions of attraction {!q}
 i - a potion of lignification {unknown}
 l - a potion of mutation {unknown}
 w - a potion of enlightenment {unknown}
 J - 3 potions of curing {@q1}
 M - a potion of magic


   Skills:
 + Level 7.0 Fighting
 - Level 2.0 Short Blades
 * Level 5.5 Maces & Flails
 - Level 2.0 Throwing
 - Level 1.0 Dodging
 + Level 11.0 Stealth


You had 8 spell levels left.
You didn't know any spells.
Your spell library contained the following spells:

 Spells                   Type           Power      Damage    Failure   Level
 Blink                    Tloc           0%         N/A       24%         2
 Lesser Beckoning         Tloc           0%         N/A       24%         2
 Momentum Strike          Conj/Tloc      0%         3d8       24%         2


Dungeon Overview and Level Annotations

Branches:
Dungeon (6/15) Zot: 26547  Temple (1/1) D:5 Zot: 5963

Altars:
Ashenzari
Cheibriados
Dithmenos
Elyvilon
Fedhas
Gozag
Hepliaklqana
Kikubaaqudgha
Makhleb
Nemelex Xobeh
Okawaru
Qazlal
Trog
Uskayaw
Vehumet
Wu Jian
Xom
Zin
The Shining One

Shops:
D:2 [*((

Annotations:
Temple 2 transporters


Innate Abilities, Weirdness & Mutations

You cannot wear most types of armour.
You are amphibious.
You can wear up to eight rings at the same time.
Your skin changes colour to match your surroundings (Stealth+).
Your rubbery body absorbs attacks. (AC +1, EV +1)
((You are camouflaged when in or above water. (Stealth+)))
You have tentacles for arms and can constrict up to eight enemies at once.


Message History

The gnoll sergeant shudders.
You kill the gnoll sergeant!
You now have 220 gold pieces (gained 4).
Things that are here:
a +0 spear; a +0 scale mail; a +0 buckler
n - a +0 buckler You now have 228 gold pieces (gained 8).
You see here a +0 flail.
You now have 237 gold pieces (gained 9).
You see here a +0 club.
You now have 252 gold pieces (gained 15).
Things that are here:
a +0 flail; a +0 spear You start putting on your armour.
You continue putting on your +0 buckler. x4
You finish putting on your +0 buckler.
(D) Dungeon (T) Temple
Where to? (Enter - D:6, ? - help)
There is a stone staircase leading up here.
You climb upwards.
There is a stone staircase leading down here.
You regained 7 hp, and now have 48/58 hp.
You start resting.
Health restored: 58 You climb downwards.
There is a stone staircase leading up here.
A black bear comes into view.
The helpless black bear fails to defend itself.
You thump the black bear!
The black bear shudders.
You kill the black bear!
Your Maces & Flails skill increases to level 5!
No target in view!
You now have 260 gold pieces (gained 8).
Found a stone staircase leading down.
Okay, then.
Found a stone staircase leading up.
You now have 272 gold pieces (gained 12).
A hound comes into view.
The helpless hound fails to defend itself.
You sock the hound!
The hound shudders.
You kill the hound!
You now have 277 gold pieces (gained 5).
A jelly comes into view.
No reachable target in view!
The helpless jelly fails to defend itself.
You sock the jelly!
You kill the jelly!
You now have 286 gold pieces (gained 9).
You now have 289 gold pieces (gained 3).
q - a wand of flame (50) (gained 21 charges)
An ufetubus and a black bear come into view.
A centaur comes into view.
A steam dragon comes into view.
The helpless centaur fails to defend itself.
You hit the centaur.
The centaur shudders.
The centaur shouts!
The black bear growls angrily.
The centaur barely misses you. x2; You block the centaur's attack.
The centaur kicks you.
You take 2 damage, and have 56/58 hp.
You hit the centaur.
The steam dragon shudders.
You kill the centaur!
The black bear bites you. The black bear claws you. x2
The steam dragon breathes steam at you. The ball of steam hits you!!
The steam scalds you terribly!
Your Fighting skill increases to level 7!
Your Stealth skill increases to level 11!
You have reached level 9!
Your experience leads to an increase in your attributes!
Your base attributes are Str 11, Int 13, Dex 15.
Increase (s)trength, (i)ntelligence, or (d)exterity?
You feel clever. x2
You take 34 damage, and have 22/64 hp.
MASSIVE DAMAGE!!
MP restored: 9
Okay, then.
You remove the ring "Vaoqip" {rPois rF- rCorr Int+4 Dex+4}.
You are engulfed in a cloud of scalding steam.
* * * LOW HITPOINT WARNING * * *
You take 4 damage, and have 18/64 hp.
Unknown command.
The steam dragon attacks as you move away!
The steam dragon barely misses you. The steam dragon claws you.
* * * LOW HITPOINT WARNING * * *
You take 2 damage, and have 16/64 hp.
You barely miss the steam dragon.
You squeeze the steam dragon, but do no damage.
An orc comes into view. It is wielding a +0 dagger.
The steam dragon bites you!
* * * LOW HITPOINT WARNING * * *
The steam dragon misses you.
You take 7 damage, and have 9/64 hp.
You sock the steam dragon!
The steam dragon and the black bear shudder.
You squeeze the steam dragon. The black bear bites you!
* * * LOW HITPOINT WARNING * * *
The black bear barely misses you.
The black bear claws you but does no damage.
The steam dragon bites you.
You die...
Your body crumbles into a pile of gold.

............#####.....#...
............# #####..>..
.........:..# ####..
............# ###
...........§#
............#
.........§..#
.......§h...#
..$....$D@.## ...........#
...........# ...........
#....##....# #.### ##....
.# ##o... .....


You could see a steam dragon (catching breath), a black bear and an orc.

Vanquished Creatures
  A water moccasin (D:5)
  3 black bears
  2 ogres
  A centaur (D:6)
  A phantom (D:5)
  A bullfrog (D:4)
  A gnoll sergeant (D:6)
  2 jellies
  2 orc priests
  2 hounds
  A gnoll bouda (D:4)
  2 sleepcaps
  4 iguanas
  8 orc wizards
  15 gnolls
  4 adders
  An ufetubus (D:5)
  A worm (D:2)
  3 dart slugs
  21 orcs
  5 bats
  10 endoplasms
  5 giant cockroaches
  6 goblins
  6 hobgoblins
  2 jackals (D:3)
  5 kobolds
  3 quokkas
  6 ball pythons
  6 frilled lizards
  2 rats
132 creatures vanquished.

Notes
Turn   | Place    | Note
-------+----------+-------------------------------------------
     0 | D:1      | sokol815 the Octopode Brigand began the quest for the Orb.
     0 | D:1      | Reached XP level 1. HP: 14/14 MP: 1/1
   230 | D:1      | Reached XP level 2. HP: 20/20 MP: 2/2
   478 | D:2      | Found Ipnunet's Weapon Emporium.
   525 | D:2      | Reached skill level 6 in Stealth
   574 | D:2      | Found Luryden's Assorted Antiques.
   578 | D:2      | Bought a glowing yellow potion for 23 gold pieces
   578 | D:2      | Bought a puce potion for 23 gold pieces
   645 | D:2      | Reached XP level 3. HP: 25/25 MP: 3/3
   649 | D:2      | Found Pusch's Antique Weapon Emporium.
   843 | D:2      | Found a faded altar of an unknown god.
  1162 | D:2      | Found Siuned's Armour Shop.
  1230 | D:3      | Found a snail-covered altar of Cheibriados.
  1248 | D:3      | Reached skill level 3 in Fighting
  1409 | D:2      | HP: 6/26 [gnoll/+0 club (2)]
  1411 | D:2      | Reached XP level 4. HP: 7/31 MP: 4/4
  1602 | D:2      | Reached skill level 7 in Stealth
  1655 | D:3      | Reached XP level 5. HP: 37/37 MP: 5/5
  1860 | D:3      | Reached skill level 4 in Fighting
  2523 | D:4      | Reached XP level 6. HP: 44/44 MP: 6/6
  2560 | D:4      | Reached skill level 8 in Stealth
  2565 | D:4      | HP: 4/44 [gnoll/+0 halberd[a gnoll bouda] (12)]
  2812 | D:4      | Identified a scroll of acquirement
  2812 | D:4      | Acquired the ring "Vaoqip" {rPois rF- rCorr Int+4 Dex+4}
  2929 | D:4      | Found the +6 shillelagh "Devastator" {shatter}
  2940 | D:4      | Reached skill level 5 in Fighting
  3028 | D:4      | HP: 8/45 [sleepcap (21)]
  3029 | D:4      | HP: 1/45 [sleepcap (7)]
  3355 | D:4      | Reached XP level 7. HP: 50/50 MP: 7/7
  3362 | D:4      | Reached skill level 9 in Stealth
  3374 | D:4      | HP: 12/50 [something (4)]
  3379 | D:4      | HP: 5/50 [something (2)]
  3892 | D:4      | Reached skill level 1 in Maces & Flails
  4229 | D:5      | Entered Level 5 of the Dungeon
  4315 | D:5      | Reached skill level 2 in Maces & Flails
  4333 | D:5      | Reached skill level 6 in Fighting
  4477 | D:5      | Reached XP level 8. HP: 57/57 MP: 8/8
  4493 | D:5      | Reached skill level 3 in Maces & Flails
  4493 | D:5      | Reached skill level 10 in Stealth
  4645 | D:5      | Found a staircase to the Ecumenical Temple.
  4654 | Temple   | Entered the Ecumenical Temple
  4654 | Temple   | Found a transporter.
  4654 | Temple   | Found a transporter.
  4656 | Temple   | Found a transporter.
  4656 | Temple   | Found a transporter.
  4675 | Temple   | Became a worshipper of Gozag Ym Sagoz the Greedy
  4808 | D:5      | Reached skill level 4 in Maces & Flails
  5100 | D:6      | Reached skill level 5 in Maces & Flails
  5335 | D:6      | Reached skill level 7 in Fighting
  5335 | D:6      | Reached skill level 11 in Stealth
  5335 | D:6      | Reached XP level 9. HP: 22/64 MP: 9/9
  5336 | D:6      | HP: 16/64 [steam dragon (2)]
  5338 | D:6      | HP: 3/64 [black bear (7)]
  5338 | D:6      | Slain by a steam dragon

Illustrated notes

Levels and vault maps discovered:
D:1:      lightli_arrival_windingriver, layout_rooms
D:2:      layout_basic, shapermc_ecumenical_altar_totnotflames, serial_shops,
          shop, nicolae_shop_behind_doors, nicolae_square_shop,
          nicolae_diamond_shop
D:3:      minmay_bubble_buster, layout_rooms, kennysheep_slug_shrine
D:4:      layout_loops_ring, dilly_guarded_unrand_devastator
D:5:      layout_cave_pools, minmay_temple_entry_mist, minmay_misc_feat_hallway
D:6:      layout_cave_pods, uniq_sigmund
Temple:   hellmonk_temple_divided_pantheon

Skill      XL: |  1  2  3  4  5  6  7  8 |
---------------+-------------------------+-----
Stealth        | 6 7 8 9 11 | 11.0
Fighting       | 3 4 5 6 7 |  7.0
Maces & Flails | 2 5 |  5.5
Short Blades   | |  2.0
Throwing       | |  2.0
Dodging        | |  1.0

Action                     |  1- 3 |  4- 6 |  7- 9 || total
---------------------------+-------+-------+-------++-------
  Melee: Dagger            |    70 |    71 |       ||   141
         Tentacles         |    12 |    22 |    23 ||    57
         Constrict         |    14 |    27 |    21 ||    62
         Rapier            |       |    28 |    17 ||    45
         Punch             |       |     3 |       ||     3
         Demon whip        |       |       |    44 ||    44
         Shillelagh        |       |       |    33 ||    33
  Throw: Stone             |     1 |       |       ||     1
         Dart              |     5 |     1 |       ||     6
    Use: Scroll            |     3 |    10 |     2 ||    15
   Stab: Sleeping          |    16 |    14 |    14 ||    44
         Distracted        |       |       |     2 ||     2
 Armour: Skin              |     3 |     2 |     6 ||    11
  Dodge: Dodged            |    38 |    44 |    40 ||   122
  Block: Buckler           |       |       |     1 ||     1

Table legend: (Time is in decaauts)
 A = Elapsed time spent in this place.
 B = Non-inter-level travel time spent in this place.
 C = Inter-level travel time spent in this place.
 D = Time resting spent in this place.
 E = Time spent auto-exploring this place.
 F = Levels seen in this place.
 G = Mean time per level.
                   A        B        C        D        E       F      G
               +--------+--------+--------+--------+--------+-----+--------+
         Total |   5336 |   4975 |    361 |    918 |   3034 |   7 |  762.3 |
       Dungeon |   5300 |   4953 |    347 |    918 |   3028 |   6 |  883.3 |
        Temple |     36 |     22 |     14 |      0 |      6 |   1 |   36.0 |
               +--------+--------+--------+--------+--------+-----+--------+

Top non-repeatable levels by time:
     D:4: 1663 daAuts
     D:2: 1123 daAuts
     D:3: 990 daAuts
     D:5: 656 daAuts
     D:1: 452 daAuts
     D:6: 414 daAuts
  Temple: 36 daAuts

Levels and vault maps discovered:
D:1:      lightli_arrival_windingriver, layout_rooms
D:2:      layout_basic, shapermc_ecumenical_altar_totnotflames, serial_shops,
          shop, nicolae_shop_behind_doors, nicolae_square_shop,
          nicolae_diamond_shop
D:3:      minmay_bubble_buster, layout_rooms, kennysheep_slug_shrine
D:4:      layout_loops_ring, dilly_guarded_unrand_devastator
D:5:      layout_cave_pools, minmay_temple_entry_mist, minmay_misc_feat_hallway
D:6:      layout_cave_pods, uniq_sigmund
Temple:   hellmonk_temple_divided_pantheon

Table legend: (Time is in decaauts)
 A = Elapsed time spent in this place.
 B = Non-inter-level travel time spent in this place.
 C = Inter-level travel time spent in this place.
 D = Time resting spent in this place.
 E = Time spent auto-exploring this place.
 F = Levels seen in this place.
 G = Mean time per level.
                   A        B        C        D        E       F      G
               +--------+--------+--------+--------+--------+-----+--------+
         Total |   5336 |   4975 |    361 |    918 |   3034 |   7 |  762.3 |
       Dungeon |   5300 |   4953 |    347 |    918 |   3028 |   6 |  883.3 |
        Temple |     36 |     22 |     14 |      0 |      6 |   1 |   36.0 |
               +--------+--------+--------+--------+--------+-----+--------+

Top non-repeatable levels by time:
     D:4: 1663 daAuts
     D:2: 1123 daAuts
     D:3: 990 daAuts
     D:5: 656 daAuts
     D:1: 452 daAuts
     D:6: 414 daAuts
  Temple: 36 daAuts

Table legend:
 A = Kills in this place as a percentage of kills in the entire game.
 B = Kills by you in this place as a percentage of kills by you in the entire game.
 C = Kills by friends in this place as a percentage of kills by friends in the entire game.
 D = Other kills in this place as a percentage of other kills in the entire game.
 E = Experience gained in this place as a percentage of experience gained in the entire game.
 F = Experience gained in this place divided by the number of levels of this place that you have seen.
                   A       B       C       D       E      F
               +-------+-------+-------+-------+-------+----------------------
         Total | 100.0 | 100.0 |   N/A |   N/A | 100.0 | 341.4
       Dungeon | 100.0 | 100.0 |   N/A |   N/A | 100.0 | 398.3
               +-------+-------+-------+-------+-------+----------------------
